 Dungeon Crawl Stone Soup version 0.23.2-33-g5129a83184 (webtiles) character file.

Game seed: 11979404083337669452

4788 ANON1729 the Skirmisher (level 10, -4/79 HPs)
             Began as a Demonspawn Monk on Aug 11, 2019.
             Was a Priest of Makhleb.
             Killed from afar by a wretched star (24 damage)
             ... with an orb of energy
             ... on level 1 of the Abyss.
             The game lasted 00:27:36 (7487 turns).

ANON1729 the Skirmisher (Demonspawn Monk)           Turns: 7487, Time: 00:27:37

Health: -4/79      AC: 13    Str: 12    XL:     10   Next: 24%
Magic:  13/13      EV: 19    Int: 15    God:    Makhleb [***...]
Gold:   262        SH:  0    Dex: 24    Spells: 14/14 levels left

rFire    + + +     SeeInvis .   e - +4 trident
rCold    + . .     Gourm    .   (no shield)
rNeg     + . .     Faith    .   E - +4 scale mail "Socloar" {rF+++ rC+ rN+ Dex+4}
rPois    .         Spirit   .   (no helmet)
rElec    .         Reflect  .   n - +2 cloak
rCorr    .         Harm     .   (no gloves)
MR       .....     Rnd*Rage +   (no boots)
Stlth    +++.......             (no amulet)
HPRegen  0.23/turn              (no ring)
MPRegen  0.13/turn              (no ring)

@: agile, flayed
A: talons 2, iridescent scales 1, [berserk 2], [blurry vision 2], [deformed
body], [deterioration 2], powered by pain 2, rot immunity, [subdued magic 2]
a: Minor Destruction, Lesser Servant of Makhleb, Renounce Religion


You were on level 1 of the Abyss.
You worshipped Makhleb.
Makhleb was most pleased with you.
You were not hungry.

You visited 2 branches of the dungeon, and saw 10 of its levels.
You visited the Abyss 1 time.

You collected 422 gold pieces.
You spent 160 gold pieces at shops.

Inventory:

Hand Weapons
 a - a +0 spear
 e - a +4 trident (weapon)
 w - a +2 dagger of draining
 x - the +6 rapier of Causality {pierce, +Fly rElec SInv, unknown}
   (You found it on level 5 of the Dungeon)

   It inflicts extra damage upon your enemies.
   It insulates you from electricity.
   It lets you see invisible.
   It lets you fly.
 H - a +2 quarterstaff of chaos
Missiles
 L - 6 needles of sleeping
Armour
 b - a +0 robe
 i - +0 pearl dragon scales
 n - a +2 cloak (worn)
 E - the +4 scale mail "Socloar" (worn) {rF+++ rC+ rN+ Dex+4}
   (You found it on level 6 of the Dungeon)

   It affects your dexterity (+4).
   It renders you almost immune to fire.
   It protects you from cold.
   It protects you from negative energy.
Jewellery
 v - a cursed ring of teleportation {unknown}
 y - an uncursed ring of flight {unknown}
 D - an uncursed ring of protection from fire {unknown}
 F - an uncursed ring of wizardry {unknown}
 I - an uncursed ring of flight {unknown}
Wands
 d - a wand of polymorph (11)
 z - a wand of disintegration (11)
Scrolls
 f - 5 scrolls of blinking {unknown}
 k - 3 scrolls of immolation
 l - 9 scrolls of remove curse
 o - 2 scrolls of magic mapping {unknown}
 r - 2 scrolls of fear {unknown}
 t - 4 scrolls of teleportation
 A - a scroll of fog {unknown}
 C - a scroll of enchant weapon {unknown}
 G - 4 scrolls of amnesia {unknown}
 K - 2 scrolls of noise {unknown}
Potions
 g - a potion of mutation {unknown}
 h - a potion of agility {unknown}
 j - 3 potions of curing {unknown}
 m - 3 potions of resistance {unknown}
 p - 2 potions of haste {unknown}
 q - 2 potions of ambrosia
 s - 2 potions of berserk rage {unknown}
 u - a potion of heal wounds
 B - a potion of magic {unknown}
Comestibles
 c - 21 rations


   Skills:
 + Level 7.1 Fighting
 - Level 5.2(5.7) Polearms
 + Level 3.4(4.8) Staves
 + Level 5.4 Armour
 + Level 6.6 Dodging
 - Level 6.0 Stealth
 + Level 2.6 Spellcasting
 + Level 4.2 Invocations
 + Level 2.4 Evocations


You had 14 spell levels left.
You didn't know any spells.
Your spell library contained the following spells:

 Spells                   Type           Power        Failure   Level  Hunger
 Corona                   Hex            #......      58%         1    #......
 Magic Dart               Conj           #...         58%         1    #......
 Blink                    Tloc           N/A          75%         2    ##.....
 Call Imp                 Summ           #.......     75%         2    ##.....
 Ensorcelled Hibernation  Hex/Ice        #.....       75%         2    ##.....
 Slow                     Hex            #.......     75%         2    ##.....
 Confuse                  Hex            #.......     93%         3    ###....
 Conjure Flame            Conj/Fire      #.......     93%         3    ###....
 Dazzling Spray           Conj/Hex       #.....       93%         3    ###....
 Inner Flame              Hex/Fire       #.......     93%         3    ###....
 Mephitic Cloud           Conj/Pois/Air  #.......     93%         3    ###....
 Portal Projectile        Hex/Tloc       #.....       93%         3    ###....
 Tukima's Dance           Hex            #.......     93%         3    ###....
 Cause Fear               Hex            #.........   100%        4    #####..
 Leda's Liquefaction      Hex/Erth       #.........   100%        4    #####..


Dungeon Overview and Level Annotations

Branches:
Dungeon (9/15)             Temple (1/1) D:5
   Lair: D:8-11         Orc: D:9-12

Altars:
Cheibriados
Dithmenos
Elyvilon
Fedhas
Gozag
Hepliaklqana
Kikubaaqudgha
Makhleb
Nemelex Xobeh
Qazlal
Ru
Sif Muna
Trog
Uskayaw
Vehumet
Wu Jian
Xom
Yredelemnul
Zin
The Shining One

Shops:
D:6 *

Annotations:
D:6 1 runed translucent door
D:8 Maurice, Psyche


Innate Abilities, Weirdness & Mutations

You have razor-sharp toenails.
You are partially covered in iridescent scales. (AC +2)
You sometimes gain power by taking damage.
You are immune to rotting.
[You often lose your temper in combat.]
[Scrolls take you longer to read.]
[Armour fits poorly on your strangely shaped body.]
[Your body often deteriorates upon taking damage.]
[Your spells are easier to cast, but less powerful.]


Message History

Really read with blurry vision while enemies are nearby?
Okay, then.
The flayed ghost hits you but does no damage.
The wretched star glows turbulently.
The orb of energy misses you.
The wretched star glows turbulently.
The orb of energy hits you!!
* * * LOW HITPOINT WARNING * * *
You focus on the pain.
You feel agile all of a sudden.
The wretched star pulses with an eldritch light!
You feel yourself wasting away.
You feel your body start to fall apart.
The wretched star pulses with an eldritch light!
Your body twists and deforms.
Unknown command.
The flayed ghost cries, "Suffer as I suffered!"
You begin reading the scroll.
You continue reading the scroll.
The wretched star glows turbulently.
The orb of energy hits you!!
You die...

...###...###
..#.#..###.
...........).......##.#
.* ......
..........##... . . ..
......*.....#.## ... .
.* #..##..##..##.#
#.##.§ . #... .#. ...##
. ### # ...###...## ##
##W## ##.## # # #..*#
#@..### ..#.. ..#*..§§#
..... ...W.....#
..............§.##
................#..
....#.....#......#.
...###...###...§..# ...
#..... ...§#.. ....##
....##.


You could see a wretched star and a flayed ghost.

Vanquished Creatures
  Grinder (D:3)
  A hornet (D:7)
  A hippogriff (D:7)
  Duvessa (D:6)
  3 sky beasts
  3 phantoms
  3 ice beasts
  A black bear (D:8)
  2 ogres
  3 centaurs (D:7)
  A big kobold (D:9)
  3 bullfrogs
  A gnoll sergeant (D:6)
  Dowan (D:6)
  2 scorpions (D:5)
  A howler monkey (D:6)
  A crimson imp (D:8)
  2 hounds
  2 bullfrog skeletons
  4 orc priests
  Crazy Yiuf (D:6)
  5 jellies
  10 orc wizards
  A centaur skeleton (D:7)
  6 iguanas
  3 worker ants
  A hound zombie (D:7)
  11 adders
  7 gnolls
  3 shadow imps
  3 oozes
  3 worms
  A dart slug (D:1)
  3 leopard geckos
  26 orcs
  A ball python (D:1)
  2 bats (D:2)
  A giant cockroach (D:1)
  16 goblins
  9 hobgoblins
  8 jackals
  A quokka (D:4)
  7 frilled lizards
  11 kobolds
  An orc zombie (D:8)
  5 rats
183 creatures vanquished.

Vanquished Creatures (collateral kills)
  2 two-headed ogres
  A sky beast (D:8)
  An orc warrior (D:9)
  A crocodile (D:8)
  A gnoll sergeant (D:9)
  A centaur zombie (D:8)
  2 orc priests (D:8)
  A hound (D:8)
  3 orc wizards (D:8)
  3 gnolls (D:9)
  4 orcs
  A quokka (D:8)
  A quokka zombie (D:8)
22 creatures vanquished.

Grand Total: 205 creatures vanquished

Notes
Turn   | Place    | Note
-------+----------+-------------------------------------------
     0 | D:1      | ANON1729 the Demonspawn Monk began the quest for the Orb.
     0 | D:1      | Reached XP level 1. HP: 18/18 MP: 1/1
   134 | D:1      | You fall through a shaft!
   135 | D:2      | Noticed an orc priest
   172 | D:2      | Killed an orc priest
   172 | D:2      | Gained mutation: You are partially covered in iridescent
                  | scales. (AC +2) [demonic ancestry]
   172 | D:2      | Reached XP level 2. HP: 8/24 MP: 2/2
   172 | D:2      | Gained mutation: You sometimes gain a little power by
                  | taking damage. [demonic ancestry]
   172 | D:2      | Reached XP level 3. HP: 10/29 MP: 3/3
   615 | D:2      | Gained mutation: You have sharp toenails. [demonic
                  | ancestry]
   615 | D:2      | Reached XP level 4. HP: 35/35 MP: 4/4
  1457 | D:3      | Found a hazy altar of Hepliaklqana.
  1549 | D:3      | Noticed Grinder
  1559 | D:3      | Killed Grinder
  1559 | D:3      | Reached skill level 4 in Fighting
  1559 | D:3      | Reached skill level 1 in Armour
  1559 | D:3      | Reached XP level 5. HP: 36/42 MP: 5/5
  1559 | D:3      | Reached XP level 6. HP: 41/48 MP: 6/6
  2161 | D:4      | Found a sacrificial altar of Ru.
  2851 | D:5      | Entered Level 5 of the Dungeon
  2862 | D:4      | Gained mutation: You sometimes gain power by taking damage.
                  | [demonic ancestry]
  2862 | D:4      | Reached XP level 7. HP: 39/55 MP: 7/7
  3145 | D:5      | Got a twisted rapier
  3489 | D:5      | Found a staircase to the Ecumenical Temple.
  3511 | D:5      | Reached skill level 5 in Fighting
  3530 | Temple   | Entered the Ecumenical Temple
  3682 | Temple   | Became a worshipper of Makhleb the Destroyer
  3682 | Temple   | Reached * piety under Makhleb
  3682 | Temple   | Reached ** piety under Makhleb
  4330 | D:5      | Found a stormy altar of Qazlal.
  4411 | D:6      | Reached XP level 8. HP: 48/62 MP: 8/8
  4589 | D:6      | Found a runed translucent door.
  4590 | D:6      | Noticed Crazy Yiuf
  4650 | D:6      | Reached skill level 5 in Dodging
  4665 | D:6      | Found a white marble altar of Elyvilon.
  4665 | D:6      | Found a runed translucent door.
  4665 | D:6      | Noticed an angel
  4738 | D:6      | Noticed Duvessa
  4755 | D:6      | Noticed Dowan
  4787 | D:6      | Killed Duvessa
  4787 | D:6      | Reached skill level 5 in Polearms
  4787 | D:6      | Reached skill level 5 in Stealth
  4809 | D:6      | Killed Dowan
  4919 | D:6      | Found Hyhegus's Assorted Antiques.
  4924 | D:6      | Bought 2 orange potions for 37 gold pieces
  4924 | D:6      | Bought 3 scrolls labeled EHU NUONESTO for 63 gold pieces
  4924 | D:6      | Bought a scroll labeled PEPSOB ETUNUIMOG for 21 gold pieces
  4924 | D:6      | Bought a ruby potion for 18 gold pieces
  4924 | D:6      | Bought a scroll labeled MIASHR FECVIFUC for 21 gold pieces
  5107 | D:6      | Got an encrusted scale mail
  5118 | D:6      | Identified the +4 scale mail "Socloar" {rF+++ rC+ rN+
                  | Dex+4} (You found it on level 6 of the Dungeon)
  5446 | D:6      | Killed Crazy Yiuf
  5805 | D:7      | Reached skill level 6 in Fighting
  5805 | D:7      | Reached skill level 1 in Staves
  5819 | D:7      | Gained mutation: You have razor-sharp toenails. [demonic
                  | ancestry]
  5819 | D:7      | Reached XP level 9. HP: 38/69 MP: 9/9
  6067 | D:7      | Reached *** piety under Makhleb
  6147 | D:7      | Reached skill level 1 in Invocations
  6331 | D:7      | Reached skill level 1 in Spellcasting
  6422 | D:8      | Noticed Maurice
  6546 | D:8      | Reached skill level 1 in Evocations
  6557 | D:8      | Reached skill level 5 in Armour
  6606 | D:8      | Noticed a two-headed ogre
  7007 | D:9      | Noticed a two-headed ogre
  7020 | D:9      | Killed a two-headed ogre
  7020 | D:9      | Reached skill level 7 in Fighting
  7020 | D:9      | Gained mutation: You are immune to rotting. [demonic
                  | ancestry]
  7020 | D:9      | Reached XP level 10. HP: 57/79 MP: 13/13
  7057 | D:8      | Killed a two-headed ogre
  7258 | D:8      | Reached **** piety under Makhleb
  7262 | D:8      | Paralysed by Maurice for 7 turns
  7282 | D:8      | Noticed Psyche
  7292 | D:8      | Cast into level 1 of the Abyss (Psyche)
  7374 | Abyss:1  | Noticed a wretched star
  7454 | Abyss:1  | Noticed a flayed ghost
  7459 | Abyss:1  | Noticed a wretched star
  7487 | Abyss:1  | Killed from afar by a wretched star

Skill      XL: |  1  2  3  4  5  6  7  8  9 10 |
---------------+-------------------------------+-----
Stealth        | 2 3 4 5 6 |  6.0
Polearms       | 3 4 5 |  5.2
Dodging        | 3 4 5 6 |  6.6
Fighting       | 4 5 6 7 |  7.1
Armour         | 1 2 3 4 5 |  5.4
Staves         | 1 3 |  3.4
Invocations    | 3 4 |  4.2
Spellcasting   | 2 |  2.6
Evocations     | 2 |  2.4

Action                   |  1- 3 |  4- 6 |  7- 9 | 10-12 || total
-------------------------+-------+-------+-------+-------++-------
Melee: Spear             |    37 |       |       |       ||    37
       Trident           |     6 |   167 |   520 |    37 ||   730
       Kick              |       |    35 |   138 |     9 ||   182
Invok: Minor Destruction |       |       |     2 |       ||     2
       Lesser Servant of |       |       |     5 |     4 ||     9
Evoke: Wand              |       |       |     1 |     1 ||     2
  Use: Potion            |     3 |       |       |     1 ||     4
       Scroll            |       |       |     4 |     1 ||     5
 Stab: Sleeping          |     2 |       |     3 |       ||     5
       Distracted        |       |       |     1 |       ||     1
  Eat: Chunk             |       |     6 |    14 |     2 ||    22
Armor: Robe              |     6 |       |       |       ||     6
       Pearl dragon scal |     1 |    66 |   115 |       ||   182
       Scale mail        |       |       |   111 |    19 ||   130
Dodge: Dodged            |    28 |    64 |   279 |    42 ||   413
